 Dungeon Crawl Stone Soup version 0.28-b1-25-g9875b3fc8c (webtiles) character file.

Game seed: 15012654465782687763

112 croobank the Vandal (level 4, 0/25 (33) HPs)
             Began as a Vampire Hunter on Jan 31, 2022.
             Slain by Terence (2 damage)
             ... on level 3 of the Dungeon.
             The game lasted 00:08:22 (1679 turns).

croobank the Vandal (Vampire Hunter)                Turns: 1679, Time: 00:08:22

HP:   0/25 (33)     AC:  3    Str: 13    XL:     4   Next: 64%
MP:   4/4           EV: 12    Int: 13    God:
Gold: 72            SH:  0    Dex: 14    Spells: 3/3 levels left

rFire   . . .      SeeInvis +   a - +1 hand axe (venom)
rCold   . . .      Faith    .   (no shield)
rNeg    . . .      Spirit   .   c - +0 leather armour
rPois   .          Reflect  .   (no helmet)
rElec   .          Harm     .   (no cloak)
rCorr   .          Rampage  .   (no gloves)
Will    .....                   (no boots)
Stlth   ++........              f - amulet of regeneration
HPRegen 1.08/turn               (no ring)
MPRegen 0.09/turn               (no ring)

@: healing quickly, heavily drained
A: alive, fangs 3, see invisible, vampiric 2
a: Exsanguinate


You were on level 3 of the Dungeon.
You visited 1 branch of the dungeon, and saw 4 of its levels.

You collected 72 gold pieces.

Inventory:

Hand Weapons
 a - a +1 hand axe of venom (weapon)
 b - a +1 hunting sling
 h - a +0 short sword
 k - a +0 dagger
 l - a +2 dagger of venom
 o - a +0 war axe
Missiles
 d - 14 sling bullets
 g - 94 stones (quivered)
 n - 15 arrows
Armour
 c - a +0 leather armour (worn)
 q - a +0 scale mail
Jewellery
 f - an amulet of regeneration (around neck)
Scrolls
 j - a scroll of noise
 r - a scroll of summoning {unknown}
Potions
 e - a potion of degeneration {unknown}
 i - a potion of curing {unknown}
 m - a potion of magic {unknown}
 p - 2 potions of attraction {unknown}


   Skills:
 + Level 1.9 Fighting
 + Level 1.1 Axes
 + Level 4.3 Slings
 + Level 1.4 Armour
 + Level 2.4 Dodging
 + Level 1.7 Stealth


You had 3 spell levels left.
You didn't know any spells.
Your spell library was empty.

Dungeon Overview and Level Annotations

Branches:
Dungeon (4/15)
 Temple: D:4-7

Altars:

Annotations:
D:2 Ijyb
D:3 Sigmund, Terence


Innate Abilities, Weirdness & Mutations

Your natural rate of healing is accelerated.
You have razor-sharp teeth.
You have supernaturally acute eyesight. (SInv)
You are afflicted with vampirism and can become a bat while bloodless.


Message History

The rat closely misses you. The rat bites you but does no damage.
You hit the rat.
You kill the rat!
You see here a rat corpse.
Terence the Incautious comes into view.
He is wielding a +2 flail of draining.
Terence shouts!
You hear a shout!
A giant cockroach comes into view.
You hit Terence.
Terence is lightly wounded.
Terence closely misses you. Terence says, "How do you enjoy it?"
Terence hits you with a +2 flail of draining!
You feel drained.
You closely miss Terence. Terence closely misses you.
You closely miss Terence. You hit the giant cockroach.
The giant cockroach is poisoned.
You kill the giant cockroach!
Terence hits you with a +2 flail of draining.
You feel drained.
A quokka comes into view.
You hit Terence but do no damage.
Terence is poisoned.
Terence hits you with a +2 flail of draining.
You feel drained.
You barely miss Terence.
Terence hits you with a +2 flail of draining.
You feel drained. Terence completely misses you.
You hit Terence.
Terence is lightly wounded.
Terence misses you.
You hit Terence but do no damage.
Terence looks as sick as possible!
Terence is lightly wounded.
Terence hits you with a +2 flail of draining.
You feel drained.
You closely miss Terence. Your bite misses Terence.
Terence is moderately wounded.
Terence hits you with a +2 flail of draining!
* * * LOW HITPOINT WARNING * * *
You feel drained.
You die...

## #. #
#. .# #
#.
###.##.
#.
#.....
#.##†#.#
#.@@r..#
####.###
#.# #.#
#.# #.#
#.#
#.###
#.#.##


You could see Terence (extremely poisoned) and a quokka.

Vanquished Creatures
  An orc priest (D:3)
  Robin (D:2)
  A worm (D:2)
  2 dart slugs
  6 orcs (D:3)
  2 ball pythons (D:1)
  2 endoplasms
  4 giant cockroaches
  14 goblins
  6 hobgoblins
  2 jackals (D:1)
  4 quokkas
  3 kobolds
  4 rats
52 creatures vanquished.

Notes
Turn   | Place    | Note
-------+----------+-------------------------------------------
     0 | D:1      | croobank the Vampire Hunter began the quest for the Orb.
     0 | D:1      | Reached XP level 1. HP: 16/16 MP: 1/1
   282 | D:1      | Reached XP level 2. HP: 22/22 MP: 2/2
  1232 | D:2      | Gained mutation: You are afflicted with vampirism and can
                  | become a bat while bloodless. [Vampire growth]
  1232 | D:2      | Reached XP level 3. HP: 27/27 MP: 3/3
  1240 | D:2      | Noticed Robin
  1255 | D:2      | Killed Robin
  1256 | D:2      | Reached skill level 4 in Slings
  1282 | D:2      | Reached skill level 1 in Armour
  1337 | D:2      | Noticed Ijyb
  1404 | D:3      | Reached XP level 4. HP: 33/33 MP: 4/4
  1441 | D:3      | Noticed Sigmund
  1513 | D:4      | Noticed an ogre
  1576 | D:3      | Reached skill level 1 in Axes
  1668 | D:3      | Noticed Terence
  1679 | D:3      | Slain by Terence

Illustrated notes

Levels and vault maps discovered:
D:1:      kennysheep_arrival_seaside, layout_basic
D:2:      kennysheep_the_goblin_king, layout_rooms, uniq_natasha, uniq_robin
D:3:      layout_loops_corners, fiery_altar_vehumet,
          dilly_ecumenical_altar_fadedgnrine, corexii_leaking_fountain,
          uniq_sigmund, uniq_jessica, uniq_terence
D:4:      minmay_razor_zed, layout_gridville, ebering_ghost_gozag,
          minmay_bisected

Skill      XL: |  1  2  3  4 |
---------------+-------------+-----
Slings         | 4 |  4.3
Armour         | 1 |  1.4
Axes           | 1 |  1.1
Fighting       | |  1.9
Dodging        | |  2.4
Stealth        | |  1.7

Action                   |  1- 3 |  4- 6 || total
-------------------------+-------+-------++-------
Melee: Hand axe          |    50 |    24 ||    74
       Bite              |     6 |     2 ||     8
 Fire: Hunting sling     |    33 |       ||    33
  Use: Scroll            |       |     2 ||     2
Armor: Leather armour    |     7 |     2 ||     9
Dodge: Dodged            |    26 |    11 ||    37
